 Dungeon Crawl Stone Soup version 0.29.1-1-gd02db6906a (webtiles) character file.

Game seed: 5737788452426696067

125 raistware the Conjurer (level 5, -11/35 HPs)
             Began as a Human Conjurer on Oct 10, 2022.
             Killed by divine providence
             ... invoked by an orc priest
              (16 damage)
             ... on level 3 of the Dungeon.
             The game lasted 00:03:56 (2109 turns).

raistware the Conjurer (Human Conjurer)             Turns: 2109, Time: 00:03:57

Health: -11/35     AC:  5    Str:  8    XL:     5   Next: 30%
Magic:  1/11       EV: 12    Int: 20    God:
Gold:   131        SH:  0    Dex: 11    Spells: 7/12 levels left

rFire   . . .      SeeInvis .   (no weapon)
rCold   . . .      Faith    .   (no shield)
rNeg    . . .      Spirit   .   a - +0 robe
rPois   .          Reflect  .   (no helmet)
rElec   .          Harm     .   (no cloak)
rCorr   +          Rampage  .   (no gloves)
Will    .....                   o - +2 pair of boots
Stlth   ++........              (no amulet)
HPRegen 0.11/turn               e - ring of resist corrosion
MPRegen 0.12/turn               (no ring)

@: very slightly contaminated
A: no striking features
a: no special abilities


You were on level 3 of the Dungeon.
You visited 1 branch of the dungeon, and saw 3 of its levels.

You collected 131 gold pieces.

Inventory:

Armour
 a - a +0 robe (worn)
 o - a +2 pair of boots (worn)
Jewellery
 e - a ring of resist corrosion (left hand)
Scrolls
 h - 2 scrolls of fear {unknown}
 i - 2 scrolls of identify {unknown}
 k - a scroll of vulnerability {unknown}
 m - a scroll of torment {unknown}
 n - a scroll of silence {unknown}
Potions
 c - a potion of resistance {unknown}
 d - a potion of invisibility {unknown}
 f - a potion of might {unknown}
 g - a potion of lignification {unknown}
 j - a potion of degeneration {unknown}
 l - a potion of attraction {unknown}


   Skills:
 - Level 2.0 Dodging
 - Level 2.0 Stealth
 - Level 4.0 Spellcasting
 + Level 4.9 Conjurations


You had 7 spell levels left.
You knew the following spells:

 Your Spells              Type           Power      Damage    Failure   Level
a - Magic Dart            Conj           92%        1d7       1%          1
b - Iskenderun's Mystic   Conj/Tloc      13%        2d5       43%         4

Your spell library contained the following spells:

 Spells                   Type           Power      Damage    Failure   Level
 Searing Ray              Conj           46%        2d6       2%          2
 Dazzling Flash           Conj/Hex       26%        N/A       14%         3
 Fulminant Prism          Conj/Hex       6%         3d7       43%         4


Dungeon Overview and Level Annotations

Branches:
Dungeon (3/15)

Altars:
Xom

Annotations:
D:3 1 transporter, mandor's ghost, amateur DsCj


Message History

Press: ? - help, Shift-Dir - straight line, f/p - orc priest
Aim: an orc priest, wielding a +0 whip and wearing a +0 chain mail (heavily wounded, 100% to hit)
The magic dart hits the orc priest but does no damage.
The orc priest is heavily wounded.
The orc priest hits you with a +0 whip.
* * * LOW HITPOINT WARNING * * *
Casting: Magic Dart (safe; 1% risk of failure)
Confirm with . or Enter, or press ? or * to list all spells.
Aiming: Magic Dart (safe; 1% risk of failure)
Press: ? - help, Shift-Dir - straight line, f/p - orc priest
Aim: an orc priest, wielding a +0 whip and wearing a +0 chain mail (heavily wounded, 100% to hit)
The magic dart hits the orc priest but does no damage.
The orc priest is heavily wounded.
The orc priest closely misses you.
Casting: Magic Dart (safe; 1% risk of failure)
Confirm with . or Enter, or press ? or * to list all spells.
Aiming: Magic Dart (safe; 1% risk of failure)
Press: ? - help, Shift-Dir - straight line, f/p - orc priest
Aim: an orc priest, wielding a +0 whip and wearing a +0 chain mail (heavily wounded, 100% to hit)
The magic dart hits the orc priest.
The orc priest is almost dead.
The orc priest barely misses you.
Casting: Magic Dart (safe; 1% risk of failure)
Confirm with . or Enter, or press ? or * to list all spells.
Aiming: Magic Dart (safe; 1% risk of failure)
Press: ? - help, Shift-Dir - straight line, f/p - orc priest
Aim: an orc priest, wielding a +0 whip and wearing a +0 chain mail (almost dead, 100% to hit)
The magic dart hits the orc priest but does no damage.
The orc priest is almost dead.
The orc priest casts a cantrip, but nothing happens.
Casting: Magic Dart (safe; 1% risk of failure)
Confirm with . or Enter, or press ? or * to list all spells.
Aiming: Magic Dart (safe; 1% risk of failure)
Press: ? - help, Shift-Dir - straight line, f/p - orc priest
Aim: an orc priest, wielding a +0 whip and wearing a +0 chain mail (almost dead, 100% to hit)
The magic dart hits the orc priest but does no damage.
The orc priest is almost dead.
The orc priest calls down the wrath of Beogh upon you.
Beogh smites you!
You die...

...##.### #######
..#.....# #.[...# ##
###.###.###.###># .. #
#.# #......##.# o#
###.###.###..##.# o#
.##.....###..##.# .#
..######.##.....# .#
...####...##.#####.#####.
...+............@o.......
..............#######...#
...............# #
...#########...#
..##O....S.##..#
..#8.....W.8#..#
..#S...w....#..#
..#$........#..#
.©#[...©....#©..


You could see an orc priest.

Vanquished Creatures
  An orc wizard (D:3)
  5 adders
  A dart slug (D:2)
  An orc (D:3)
  7 bats
  3 endoplasms (D:1)
  A giant cockroach (D:2)
  2 goblins (D:2)
  5 hobgoblins
  2 jackals (D:1)
  6 kobolds
  3 quokkas
  8 ball pythons
  3 frilled lizards
  5 rats
53 creatures vanquished.

Vanquished Creatures (others)
  5 plants (D:1)
5 creatures vanquished.

Grand Total: 58 creatures vanquished

Notes
Turn   | Place    | Note
-------+----------+-------------------------------------------
     0 | D:1      | raistware the Human Conjurer began the quest for the Orb.
     0 | D:1      | Reached XP level 1. HP: 13/13 MP: 3/3
   200 | D:1      | Reached XP level 2. HP: 19/19 MP: 0/5
   509 | D:1      | Found a faded altar of an unknown god.
   639 | D:1      | Reached XP level 3. HP: 24/24 MP: 4/7
  1037 | D:2      | Found a shimmering altar of Xom.
  1287 | D:2      | Reached XP level 4. HP: 30/30 MP: 4/9
  1326 | D:2      | Learned a level 4 spell: Iskenderun's Mystic Blast
  1961 | D:3      | Noticed an ogre
  1967 | D:3      | Noticed mandor's ghost (amateur DsCj)
  1978 | D:3      | Found a transporter.
  2092 | D:3      | Reached XP level 5. HP: 32/35 MP: 5/11
  2109 | D:3      | Killed from afar by an orc priest

Illustrated notes

Levels and vault maps discovered:
D:1:      minmay_arrival_jagged, layout_rooms,
          dilly_ecumenical_altar_fadedgnrine
D:2:      layout_basic, basic_altar, supply_closet_lemuel
D:3:      layout_loops_corners, mainiacjoe_overflow_brackets,
          gammafunk_ghost_arena, serial_aquarium, aquarium_bridge_long_separate
          [aquarium_subvault_wall, aquarium_subvault_bridge,
          aquarium_subvault_window, aquarium_subvault_bridge,
          aquarium_subvault_balcony, aquarium_subvault_balcony],
          aquarium_window_fake, aquarium_window_fake, aquarium_window_corner,
          aquarium_view_2c, aquarium_view_2a, aquarium_balcony_3b

Skill      XL: |  1  2  3  4 |
---------------+-------------+-----
Spellcasting   | 3 4 |  4.0
Dodging        | |  2.0
Stealth        | |  2.0
Conjurations   | |  4.9

Action                   |  1- 3 |  4- 6 || total
-------------------------+-------+-------++-------
Melee: Unarmed           |       |     9 ||     9
 Cast: Magic Dart        |    66 |    51 ||   117
  Use: Potion            |       |     1 ||     1
Armor: Robe              |       |     4 ||     4
Dodge: Dodged            |     1 |    14 ||    15
